 Dungeon Crawl Stone Soup version 0.21.1-1-g345015f (webtiles) character file.

1477 shakethe the Chopper (level 8, -1/62 HPs)
             Began as a Demonspawn Gladiator on Feb 27, 2018.
             Was a Priest of Okawaru.
             Killed by nerve-wracking pain
             ... invoked by a shadow imp
              (14 damage)
             ... on level 7 of the Dungeon.
             The game lasted 00:07:18 (6356 turns).

shakethe the Chopper (Demonspawn Gladiator)         Turns: 6356, Time: 00:07:18

Health: -1/62      AC:  7    Str: 15    XL:     8   Next: 49%
Magic:  9/9        EV: 15    Int: 11    God:    Okawaru [***...]
Gold:   265        SH:  0    Dex: 15    Spells: 7/7 levels left

rFire    . . .     SeeInvis .   a - +0 war axe
rCold    . . .     Gourm    .   (no shield)
rNeg     . . .     Faith    .   b - +0 leather armour
rPois    .         Spirit   .   c - +0 helmet
rElec    .         Reflect  .   (no cloak)
rCorr    .         Harm     .   (no gloves)
MR       .....                  (no boots)
Stlth    +.........             (no amulet)
HPRegen  0.20/turn              (no ring)
MPRegen  0.11/turn              (no ring)

@: no status effects
A: hooves 1, yellow scales 2, demonic guardian 1
a: Heroism, Renounce Religion


You were on level 7 of the Dungeon.
You worshipped Okawaru.
Okawaru was most pleased with you.
You were hungry.

You visited 1 branch of the dungeon, and saw 7 of its levels.

You collected 265 gold pieces.

Inventory:

Hand Weapons
 a - a +0 war axe (weapon)
Missiles
 d - 5 throwing nets {=f, !d}
Armour
 b - a +0 leather armour (worn)
 c - a +0 helmet (worn)
Wands
 s - a wand of random effects (27)
   (You found it on level 5 of the Dungeon)
 t - a wand of enslavement (12)
   (You found it on level 5 of the Dungeon)
 u - a wand of disintegration (21)
   (You found it on level 6 of the Dungeon)
 v - a wand of polymorph (8)
   (You took it off a gnoll on level 6 of the Dungeon)
Scrolls
 e - 9 scrolls of identify {unknown}
 g - 3 scrolls of remove curse {unknown}
 i - a scroll of amnesia {unknown}
 j - 2 scrolls of random uselessness {unknown}
 k - a scroll of immolation {unknown}
 m - a scroll of noise {unknown}
 p - 2 scrolls of fog {unknown}
 q - a scroll of blinking {unknown}
 r - 2 scrolls of teleportation {unknown}
Potions
 h - 4 potions of degeneration {unknown}
 l - 2 potions of flight {unknown}
 n - 3 potions of curing {unknown}
 o - a potion of haste {unknown}
Comestibles
 f - 9 rations


   Skills:
 + Level 5.3 Fighting
 * Level 7.2 Axes
 - Level 1.7 Throwing
 + Level 5.3 Dodging
 + Level 2.6 Evocations


You had 7 spell levels left.
You didn't know any spells.

Dungeon Overview and Level Annotations

Branches:
Dungeon (7/15)             Temple (0/1) D:6

Altars:
Cheibriados
Elyvilon
Gozag
Hepliaklqana
Nemelex Xobeh
Okawaru
Qazlal
The Shining One

Annotations:
D:3 shakethe's ghost, amateur DsGl


Innate Abilities, Weirdness & Mutations

You have large cloven feet.
You are mostly covered in yellow scales. (AC +3)
A weak demonic guardian rushes to your aid.


Message History

The adder bites you but does no damage. The adder closely misses you.
An adder is nearby!
You closely miss the adder. You kick the adder. The adder bites you.
You take 2 damage, and have 58/62 hp.
You closely miss the adder. The adder misses you.
The adder bites you but does no damage.
You closely miss the adder. The adder completely misses you.
You hit the adder. Your kick misses the adder. The adder misses you.
The adder bites you but does no damage.
You hit the adder.
You kill the adder!
Okawaru accepts your kill.
No target in view!
No target in view!
No target in view!
No target in view!
No target in view!
No target in view!
No target in view!
No target in view!
No target in view!
No target in view!
You butcher the adder corpse.
w - a chunk of flesh {@w0@w0} Eating a chunk of flesh {@w0@w0}.
You eat the chunk of flesh {@w0@w0}.
e - 9 scrolls labeled ZULIDU IHITU (gained 1)
You now have 265 gold pieces (gained 7).
You are feeling hungry.
Health restored: 62 No target in view!
No target in view!
No target in view!
No target in view!
You open the door.
There is an open door here.
You open the door.
An ice beast and a shadow imp come into view.
The shadow imp shouts, "Go and return not, thou peaked hell-hated measle!"
You hear a shout!
There is an open door here.
You swap places.
The ice beast misses you.
A crimson imp comes into view.
You barely miss the ice beast. Your kick misses the ice beast.
The ice beast barely misses you. The shadow imp completely misses you.
You hit the ice beast but do no damage. You hit the shadow imp.
The ice beast hits you. The ice beast freezes you!
Your iron imp barely misses the ice beast.
The shadow imp hits you. The ice beast misses you.
You take 16 damage, and have 46/62 hp.
MASSIVE DAMAGE!!
You closely miss the shadow imp. You closely miss the ice beast.
Your iron imp hits the ice beast.
The shadow imp hits you. The ice beast barely misses you.
You take 5 damage, and have 41/62 hp.
You hit the ice beast. Your kick misses the ice beast.
You barely miss the shadow imp.
Your iron imp hits the ice beast.
The shadow imp completely misses you. The ice beast barely misses you.
You hit the ice beast but do no damage. Your kick misses the ice beast.
You hit the shadow imp.
The shadow imp grinds its teeth.
The shadow imp barely misses you.
Your iron imp hits the ice beast.
The ice beast hits you. The ice beast freezes you.
The crimson imp blinks!
You are too injured to fight recklessly!
You take 10 damage, and have 31/62 hp.
You are too injured to fight recklessly!
You are too injured to fight recklessly!
You are too injured to fight recklessly!
You hit the ice beast but do no damage. You kick the ice beast.
You hit the shadow imp but do no damage.
The shadow imp hits you but does no damage.
The ice beast hits you. The ice beast freezes you!
* * * LOW HITPOINT WARNING * * *
Your iron imp hits the ice beast!
The ice beast dies!
Okawaru accepts your kill.
You take 16 damage, and have 15/62 hp.
MASSIVE DAMAGE!!
You closely miss the crimson imp. Your kick misses the crimson imp.
You barely miss the shadow imp. The shadow imp completely misses you.
The crimson imp hits you.
* * * LOW HITPOINT WARNING * * *
Your iron imp hits the crimson imp!
You take 1 damage, and have 14/62 hp.
Unknown command.
You slash the crimson imp!
You kill the crimson imp!
Okawaru accepts your kill.
You hit the shadow imp. The shadow imp hits you.
* * * LOW HITPOINT WARNING * * *
Your iron imp closely misses the shadow imp.
You take 2 damage, and have 12/62 hp.
You completely miss the shadow imp.
You kick the shadow imp, but do no damage.
The shadow imp barely misses you.
Your iron imp hits the shadow imp but does no damage.
You closely miss the shadow imp. Your kick misses the shadow imp.
The shadow imp barely misses you. The shadow imp gestures at you.
Pain shoots through your body!
You die...

......)))<+ ..
..........# ..###'##..
..........# ..##.....#
..........#....#.....#
.##'#######....#.....#
##............[#.....#
...............#.....#
.........####+##.5...#
.........##....#@5...#
..........#....#.....#
..........'....'.....#
..........#....#.....#
################.....#
#######


You could see a shadow imp and a friendly iron imp.

Vanquished Creatures
  Grinder (D:5)
  Menkaure (D:5)
  A phantom (D:5)
  2 centaurs
  2 scorpions (D:6)
  A howler monkey (D:6)
  4 wights (D:7)
  4 crimson imps
  3 bullfrog zombies
  An orc wizard (D:3)
  3 hounds
  Terence (D:2)
  4 gnolls
  7 adders
  An adder skeleton (D:4)
  A worm (D:2)
  3 dart slugs
  4 leopard geckos
  5 orcs
  A giant cockroach (D:6)
  10 goblins
  4 hobgoblins
  10 jackals
  5 kobolds
  A quokka (D:3)
  A ball python (D:2)
  A ball python skeleton (D:6)
  5 bats
  6 frilled lizards
  3 rats
96 creatures vanquished.

Vanquished Creatures (collateral kills)
  A black bear (D:6)
  An ice beast (D:7)
  A bullfrog (D:6)
  A hound (D:4)
  Robin (D:3)
  4 gnolls
  A worm (D:3)
  4 goblins (D:3)
14 creatures vanquished.

Grand Total: 110 creatures vanquished

Notes
Turn   | Place    | Note
-------+----------+-------------------------------------------
     0 | D:1      | shakethe the Demonspawn Gladiator began the quest for the Orb.
     0 | D:1      | Reached XP level 1. HP: 16/16 MP: 1/1
   218 | D:1      | Reached skill level 3 in Axes
   218 | D:1      | Gained mutation: A weak demonic guardian rushes to your aid. [demonic ancestry]
   218 | D:1      | Reached XP level 2. HP: 22/22 MP: 2/2
   697 | D:2      | Found an opulent altar of Gozag.
   712 | D:2      | Reached skill level 3 in Dodging
   712 | D:2      | Gained mutation: You are partially covered in yellow scales. (AC +2) [demonic ancestry]
   712 | D:2      | Reached XP level 3. HP: 16/28 MP: 3/3
   721 | D:2      | HP: 7/28 [gnoll/spear (7)]
   957 | D:2      | HP: 6/28 [gnoll/spear of flaming (7)]
  1392 | D:2      | Found a sparkling altar of Nemelex Xobeh.
  1392 | D:2      | Noticed Terence
  1405 | D:2      | Killed Terence
  1405 | D:2      | Gained mutation: You are mostly covered in yellow scales. (AC +3) [demonic ancestry]
  1405 | D:2      | Reached XP level 4. HP: 18/34 MP: 4/4
  1612 | D:2      | Found a snail-covered altar of Cheibriados.
  1626 | D:2      | Found an iron altar of Okawaru.
  1639 | D:2      | Became a worshipper of Warmaster Okawaru
  1859 | D:2      | Found a hazy altar of Hepliaklqana.
  1859 | D:2      | Found a glowing golden altar of the Shining One.
  2290 | D:3      | Noticed Robin
  2292 | D:3      | Reached skill level 4 in Axes
  2294 | D:3      | Reached skill level 3 in Fighting
  2311 | D:3      | Killed Robin
  2311 | D:3      | Reached XP level 5. HP: 24/41 MP: 5/5
  2661 | D:3      | Noticed shakethe's ghost (amateur DsGl)
  2682 | D:3      | HP: 4/41 [shakethe's ghost (10)]
  2695 | D:3      | HP: 3/41 [shakethe's ghost (3)]
  3794 | D:4      | Reached XP level 6. HP: 45/47 MP: 6/6
  3946 | D:5      | Entered Level 5 of the Dungeon
  3966 | D:5      | Reached * piety under Okawaru
  3966 | D:5      | Reached skill level 5 in Axes
  4553 | D:5      | Noticed Grinder
  4583 | D:5      | HP: 12/48 [Grinder (5)]
  4585 | D:5      | Killed Grinder
  4585 | D:5      | Reached skill level 4 in Fighting
  4585 | D:5      | Reached skill level 4 in Dodging
  4873 | D:5      | Noticed Menkaure
  4889 | D:5      | Killed Menkaure
  4889 | D:5      | Reached XP level 7. HP: 28/54 MP: 7/7
  5433 | D:5      | Reached skill level 6 in Axes
  5682 | D:6      | Reached ** piety under Okawaru
  5686 | D:6      | Reached skill level 1 in Evocations
  5767 | D:6      | Gained mutation: You have large cloven feet. [demonic ancestry]
  5767 | D:6      | Reached XP level 8. HP: 61/61 MP: 7/9
  5811 | D:6      | Found a white marble altar of Elyvilon.
  5889 | D:6      | Reached skill level 5 in Dodging
  5900 | D:6      | Found a staircase to the Ecumenical Temple.
  5910 | D:6      | Reached skill level 5 in Fighting
  5999 | D:6      | Found a stormy altar of Qazlal.
  6210 | D:7      | Reached skill level 2 in Evocations
  6289 | D:7      | Reached skill level 7 in Axes
  6294 | D:7      | Reached *** piety under Okawaru
  6352 | D:7      | HP: 15/62 [ice beast (14)]
  6356 | D:7      | Killed from afar by a shadow imp

Skill      XL: |  1  2  3  4  5  6  7  8 |
---------------+-------------------------+-----
Axes           | 3 4 5 6 7 |  7.2
Dodging        | 3 4 5 |  5.3
Fighting       | 3 4 5 |  5.3
Evocations     | 1 2 |  2.6
Throwing       | |  1.7

Action                   |  1- 3 |  4- 6 |  7- 9 || total
-------------------------+-------+-------+-------++-------
Melee: War axe           |    70 |   131 |   118 ||   319
       Unarmed           |       |       |     8 ||     8
       Kick              |       |       |    20 ||    20
 Stab: Sleeping          |     1 |       |       ||     1
       Distracted        |       |     2 |     3 ||     5
  Eat: Chunk             |     1 |     8 |     1 ||    10
       Ration            |       |     2 |       ||     2
Armor: Leather armour    |    18 |    54 |    44 ||   116
Dodge: Dodged            |    53 |    99 |   108 ||   260

Vault maps used:
D:1:      roderic_chinese_lattice_arrival, minmay_pentomino_p4
D:2:      kennysheep_okawaru_gauntlet, lemuel_round_altar,
          gammafunk_temple_overflow_forgotten, hangedman_decor_clover_reticule,
          grunt_gozag_statues, uniq_terence
D:3:      small_statue_alley_b, minmay_stone_trees_small, uniq_robin
D:5:      first_ration, serial_glass, glass_columns_c, glass_columns_c,
          uniq_menkaure, uniq_grinder
D:6:      nicolae_qazlal_eye_of_the_storm, temple_green, basic_altar
D:7:      lemuel_doored_altar, gammafunk_temple_overflow_arena, uniq_duvessa

Table legend:
 A = Turns spent in this place as a percentage of turns spent in the entire game.
 B = Non-inter-level travel turns spent in this place as a percentage of non-inter-level travel turns spent in the entire game.
 C = Inter-level travel turns spent in this place as a percentage of turns spent in this place.
 D = Turns resting spent in this place as a percentage of non-inter-level travel turns spent in this place.
 E = Turns spent auto-exploring this place as a percentage of non-inter-level travel turns spent in this place.
 F = Non-inter-level travel turns spent in this place divided by the number of levels of this place that you've seen.
                   A       B       C       D       E      F
               +-------+-------+-------+-------+-------+----------------------
         Total | 100.0 | 100.0 |   5.5 |  27.8 |  55.1 | 857.7
       Dungeon | 100.0 | 100.0 |   5.5 |  27.8 |  55.1 | 857.7
               +-------+-------+-------+-------+-------+----------------------

Table legend:
 A = Kills in this place as a percentage of kills in entire the game.
 B = Kills by you in this place as a percentage of kills by you in the entire game.
 C = Kills by friends in this place as a percentage of kills by friends in the entire game.
 D = Other kills in this place as a percentage of other kills in the entire game.
 E = Experience gained in this place as a percentage of experience gained in the entire game.
 F = Experience gained in this place divided by the number of levels of this place that you have seen.
                   A       B       C       D       E      F
               +-------+-------+-------+-------+-------+----------------------
         Total | 100.0 | 100.0 | 100.0 |   N/A | 100.0 | 301.4
       Dungeon | 100.0 | 100.0 | 100.0 |   N/A | 100.0 | 301.4
               +-------+-------+-------+-------+-------+----------------------
